MLB
OAKLAND ATHLETICS @ COLORADO ROCKIES
05/09/2042
 
TOP OF THE 1ST
Oakland Athletics batting - Pitching for Colorado Rockies : RHP Ron Long
Pitching: RHP Ron Long
Batting: RHB Ed Hicks 0-0: Ball
1-0: Ball
2-0: Swinging Strike
2-1: Swinging Strike
2-2: Strikes out looking
Batting: RHB Jody Dailey 0-0: Called Strike
0-1: Foul Ball, location: 2F
0-2: SOLO HOME RUN (Flyball, 7LD, EV 95.0 MPH), Distance : 373 ft
Batting: SHB Steve Dodd 0-0: Ball
1-0: Ground out 5-3 (Groundball, 56, EV 88.8 MPH)
Batting: RHB Devin Hogan 0-0: Ball
1-0: SOLO HOME RUN (Line Drive, 89XD, EV 104.4 MPH), Distance : 409 ft
Batting: RHB Héctor González 0-0: Called Strike
0-1: Foul Ball, location: 2F
0-2: Ball
1-2: Strikes out looking
Top of the 1st over - 2 runs, 2 hits, 0 errors, 0 left on base; Oakland 2 - Colorado 0
BOTTOM OF THE 1ST
Colorado Rockies batting - Pitching for Oakland Athletics : RHP José Alemán
Pitching: RHP José Alemán
Batting: RHB Jorge Esquivel 0-0: Foul Ball, location: 3F
0-1: Ground out 6-3 (Groundball, 6, EV 83.1 MPH)
Batting: LHB Dan Pérez 0-0: Ball
1-0: Called Strike
1-1: Ball
2-1: Foul Ball, location: 5FF
2-2: Foul Ball, location: 5DF
2-2: Strikes out swinging
Batting: LHB Mario Mendoza 0-0: Called Strike
0-1: Called Strike
0-2: Ball
1-2: Foul Ball, location: 2F
1-2: Foul Ball, location: 2F
1-2: Ball
2-2: Foul Ball, location: 9LMF
2-2: Fly out, F9 (Flyball, 9, EV 84.4 MPH)
Bottom of the 1st over - 0 runs, 0 hits, 0 errors, 0 left on base; Oakland 2 - Colorado 0
TOP OF THE 2ND
Oakland Athletics batting - Pitching for Colorado Rockies : RHP Ron Long
Batting: SHB Jorge Montáñez 0-0: Called Strike
0-1: Foul Ball, location: 7LSF
0-2: Ball
1-2: DOUBLE (Line Drive, 9LS, EV 99.4 MPH)
Batting: RHB Jesús García 0-0: Ball
1-0: SINGLE (Line Drive, 89M, EV 91.9 MPH)
Jorge Montáñez to third
Batting: RHB Jim Foxworthy 0-0: Called Strike
0-1: Called Strike
0-2: Ball
1-2: Strikes out swinging
Batting: RHB Stu Braun 0-0: Fly out, F8 (Line Drive, 78S, EV 95.0 MPH)
Batting: RHB Ed Hicks 0-0: Ball
1-0: Fly out, F9 (Flyball, 89S, EV 84.4 MPH)
Top of the 2nd over - 0 runs, 2 hits, 0 errors, 2 left on base; Oakland 2 - Colorado 0
BOTTOM OF THE 2ND
Colorado Rockies batting - Pitching for Oakland Athletics : RHP José Alemán
Batting: RHB Joe Thompson 0-0: Foul Ball, location: 5FF
0-1: Called Strike
0-2: Foul Ball, location: 9LDF
0-2: Ground out 5-3 (Groundball, 56, EV 93.1 MPH)
Batting: LHB António Fernández 0-0: Called Strike
0-1: Swinging Strike
0-2: Ball
1-2: Foul Ball, location: 3F
1-2: Foul Ball, location: 2F
1-2: Ground out U3 (Groundball, 34S, EV 77.5 MPH)
Batting: RHB Derek Hallyard 0-0: Ball
1-0: Ball
2-0: Fly out, F8 (Flyball, 78D, EV 91.3 MPH)
Bottom of the 2nd over - 0 runs, 0 hits, 0 errors, 0 left on base; Oakland 2 - Colorado 0
TOP OF THE 3RD
Oakland Athletics batting - Pitching for Colorado Rockies : RHP Ron Long
Batting: RHB Jody Dailey 0-0: Ball
1-0: Ball
2-0: Ground out 6-3 (Groundball, 6, EV 90.6 MPH)
Batting: SHB Steve Dodd 0-0: DOUBLE (Flyball, 78XD, EV 90.0 MPH)
Batting: RHB Devin Hogan 0-0: Ball
1-0: Ground out 6-3 (Groundball, 4MD, EV 106.3 MPH)
Steve Dodd to third
Batting: RHB Héctor González 0-0: Ball
1-0: Swinging Strike
1-1: Ball
2-1: Foul Ball, location: 9LSF
2-2: Ground out 5-3 (Groundball, 15, EV 86.3 MPH)
Top of the 3rd over - 0 runs, 1 hit, 0 errors, 1 left on base; Oakland 2 - Colorado 0
BOTTOM OF THE 3RD
Colorado Rockies batting - Pitching for Oakland Athletics : RHP José Alemán
Batting: RHB Steve O'Brien 0-0: Foul Ball, location: 9LMF
0-1: Ball
1-1: Foul Ball, location: 2F
1-2: Ball
2-2: Strikes out swinging
Batting: RHB Bob Jacobs 0-0: Ground out 4-3 (Groundball, 4, EV 101.3 MPH)
Batting: RHB Cisco Sandodal 0-0: Ball
1-0: SOLO HOME RUN (Flyball, 7D, EV 96.3 MPH), Distance : 375 ft
Batting: RHB Jorge Esquivel 0-0: TRIPLE (Flyball, 89XD, EV 91.9 MPH)
Batting: LHB Dan Pérez 0-0: Called Strike
0-1: Ball
1-1: Ball
2-1: Ball
3-1: Foul Ball, location: 3F
3-2: Foul Ball, location: 2F
3-2: Strikes out swinging
Bottom of the 3rd over - 1 run, 2 hits, 0 errors, 1 left on base; Oakland 2 - Colorado 1
TOP OF THE 4TH
Oakland Athletics batting - Pitching for Colorado Rockies : RHP Ron Long
Batting: SHB Jorge Montáñez 0-0: Ball
1-0: Ground out 4-3 (Groundball, 34, EV 86.3 MPH)
Batting: RHB Jesús García 0-0: Ground out 4-3 (Groundball, 4S, EV 88.1 MPH)
Batting: RHB Jim Foxworthy 0-0: Called Strike
0-1: Ball
1-1: Swinging Strike
1-2: Ball
2-2: Ball
3-2: SINGLE (Line Drive, 89S, EV 86.3 MPH)
Batting: RHB Stu Braun 0-0: Foul Ball, location: 7LDF
0-1: Called Strike
Jim Foxworthy steals 2nd base
0-2: Foul Ball, location: 9LSF
0-2: Strikes out swinging
Top of the 4th over - 0 runs, 1 hit, 0 errors, 1 left on base; Oakland 2 - Colorado 1
BOTTOM OF THE 4TH
Colorado Rockies batting - Pitching for Oakland Athletics : RHP José Alemán
Batting: LHB Mario Mendoza 0-0: Ground out 1-3 (Groundball, 13S, EV 70.0 MPH)
Batting: RHB Joe Thompson 0-0: Ball
1-0: Called Strike
1-1: Swinging Strike
1-2: Foul Ball, location: 2F
1-2: Ball
2-2: Strikes out swinging
Batting: LHB António Fernández 0-0: Ball
1-0: Fly out, F7 (Flyball, 78M, EV 91.9 MPH)
Bottom of the 4th over - 0 runs, 0 hits, 0 errors, 0 left on base; Oakland 2 - Colorado 1
TOP OF THE 5TH
Oakland Athletics batting - Pitching for Colorado Rockies : RHP Ron Long
Batting: RHB Ed Hicks 0-0: Foul Ball, location: 25F
0-1: Called Strike
0-2: Ball
1-2: Foul Ball, location: 23FF
1-2: Strikes out swinging
Batting: RHB Jody Dailey 0-0: Ball
1-0: Foul Ball, location: 2F
1-1: Foul Ball, location: 23FF
1-2: Strikes out swinging
Batting: SHB Steve Dodd 0-0: Called Strike
0-1: SINGLE (Line Drive, 8RS, EV 98.1 MPH)
Batting: RHB Devin Hogan 0-0: Ball
1-0: Foul Ball, location: 9LMF
1-1: Ground out 4-3 (Groundball, 34, EV 82.5 MPH)
Top of the 5th over - 0 runs, 1 hit, 0 errors, 1 left on base; Oakland 2 - Colorado 1
BOTTOM OF THE 5TH
Colorado Rockies batting - Pitching for Oakland Athletics : RHP José Alemán
Batting: RHB Derek Hallyard 0-0: Ball
1-0: Called Strike
1-1: Swinging Strike
1-2: Fly out, F2 (Popup, 23F, EV 82.5 MPH)
Batting: RHB Steve O'Brien 0-0: Ground out 5-3 (Groundball, 56, EV 92.5 MPH)
Batting: RHB Bob Jacobs 0-0: Called Strike
0-1: Ball
1-1: Ball
2-1: Swinging Strike
2-2: Fly out, F7 (Line Drive, 78M, EV 103.1 MPH)
Bottom of the 5th over - 0 runs, 0 hits, 0 errors, 0 left on base; Oakland 2 - Colorado 1
TOP OF THE 6TH
Oakland Athletics batting - Pitching for Colorado Rockies : RHP Ron Long
Batting: RHB Héctor González 0-0: Called Strike
0-1: Foul Ball, location: 9LDF
0-2: Ball
1-2: Strikes out swinging
Batting: SHB Jorge Montáñez 0-0: Called Strike
0-1: Foul Ball, location: 2F
0-2: Foul Ball, location: 23F
0-2: Foul Ball, location: 2F
0-2: Ball
1-2: Ball
2-2: Foul Ball, location: 23FF
2-2: DOUBLE (Line Drive, 89D, EV 107.5 MPH)
Batting: RHB Jesús García 0-0: Intentional Walk
Batting: RHB Jim Foxworthy 0-0: Ball
1-0: Grounds into double play, 5-4-3 (Groundball, 56, EV 78.1 MPH)
Top of the 6th over - 0 runs, 1 hit, 0 errors, 1 left on base; Oakland 2 - Colorado 1
BOTTOM OF THE 6TH
Colorado Rockies batting - Pitching for Oakland Athletics : RHP José Alemán
Batting: RHB Cisco Sandodal 0-0: Called Strike
0-1: Swinging Strike
0-2: Ball
1-2: DOUBLE (Line Drive, 78M, EV 93.8 MPH)
Batting: RHB Jorge Esquivel 0-0: Fly out, F7 (Flyball, 78S, EV 87.5 MPH)
Batting: LHB Dan Pérez 0-0: Swinging Strike
0-1: Fly out, F8 (Flyball, 89S, EV 91.3 MPH)
Batting: LHB Mario Mendoza 0-0: Ball
1-0: Ball
2-0: Called Strike
2-1: Ball
3-1: Called Strike
3-2: 2-RUN HOME RUN (Flyball, 7D, EV 98.1 MPH), Distance : 371 ft
Batting: RHB Joe Thompson 0-0: Foul Ball, location: 9LDF
0-1: Ball
1-1: SINGLE (Groundball, 6MD, EV 103.8 MPH)
Batting: LHB António Fernández 0-0: Ball
1-0: Fly out, F8 (Flyball, 8RD, EV 106.3 MPH)
Bottom of the 6th over - 2 runs, 3 hits, 0 errors, 1 left on base; Oakland 2 - Colorado 3
TOP OF THE 7TH
Oakland Athletics batting - Pitching for Colorado Rockies : RHP Ron Long
Pinch Hitting: RHB David Álvarez 0-0: Ball
1-0: Called Strike
1-1: Ball
2-1: Ball
3-1: Foul Ball, location: 25FF
3-2: Strikes out swinging
Batting: RHB Ed Hicks 0-0: Called Strike
0-1: SINGLE (Line Drive, 8RS, EV 90.6 MPH)
Batting: RHB Jody Dailey 0-0: Ball
1-0: Swinging Strike
1-1: Ball
2-1: Swinging Strike
2-2: Strikes out swinging
Batting: SHB Steve Dodd 0-0: Ball
1-0: Swinging Strike
1-1: Ball
Ed Hicks steals 2nd base
2-1: Ball
3-1: Fly out, F8 (Flyball, 8RXD, EV 111.9 MPH)
Top of the 7th over - 0 runs, 1 hit, 0 errors, 1 left on base; Oakland 2 - Colorado 3
BOTTOM OF THE 7TH
Colorado Rockies batting - Pitching for Oakland Athletics : RHP José Alemán
Now at SS: David Álvarez
Batting: RHB Derek Hallyard 0-0: Called Strike
0-1: Ball
1-1: Ball
2-1: Foul Ball, location: 2F
2-2: Ball
3-2: Fly out, F8 (Flyball, 8RD, EV 106.9 MPH)
Batting: RHB Steve O'Brien 0-0: Swinging Strike
0-1: Ball
1-1: Called Strike
1-2: Ball
2-2: Ball
3-2: Strikes out swinging
Batting: RHB Bob Jacobs 0-0: Ball
1-0: Ball
2-0: Ball
3-0: Base on Balls
Pitching: RHP Norm Roy
Batting: RHB Cisco Sandodal 0-0: Swinging Strike
0-1: Fielders Choice at 2nd, 6-4 (Groundball, 6, EV 83.8 MPH)
Bottom of the 7th over - 0 runs, 0 hits, 0 errors, 1 left on base; Oakland 2 - Colorado 3
TOP OF THE 8TH
Oakland Athletics batting - Pitching for Colorado Rockies : RHP Ron Long
Now in LF: António Fernández
Now in CF: Álex Cepeda
Batting: RHB Devin Hogan 0-0: Ball
1-0: Ball
2-0: Called Strike
2-1: Foul Ball, location: 5F
2-2: Strikes out swinging
Batting: RHB Héctor González 0-0: Called Strike
0-1: Ball
1-1: Ball
2-1: Foul Ball, location: 25F
2-2: Reached on error, E6 (Groundball, 56S, EV 90.6 MPH)
Batting: SHB Jorge Montáñez 0-0: Ball
1-0: Ground out 6-3 (Groundball, 6, EV 103.8 MPH)
Pinch Hitting: LHB Dane Edgar 0-0: Foul Ball, location: 5F
0-1: SINGLE (Groundball, 4MD, EV 97.5 MPH)
Héctor González to third
Runner from 3rd tries for Home, SAFE, throw by CF to home
Dane Edgar to second
Batting: RHB Jim Foxworthy 0-0: Called Strike
0-1: Ball
1-1: Ball
2-1: Foul Ball, location: 3F
2-2: Fly out, F9 (Flyball, 89S, EV 96.9 MPH)
Top of the 8th over - 1 run, 1 hit, 1 error, 1 left on base; Oakland 3 - Colorado 3
BOTTOM OF THE 8TH
Colorado Rockies batting - Pitching for Oakland Athletics : RHP Norm Roy
Pitching: LHP Johnny George
Now at 2B: Dane Edgar
Pinch Hitting: RHB Lonnie Anderson 0-0: Ball
1-0: Ball
2-0: DOUBLE (Flyball, 89XD, EV 97.5 MPH)
Batting: LHB Dan Pérez 0-0: Foul Ball, location: 2F
0-1: Ball
1-1: Called Strike
1-2: Foul Ball, location: 2F
1-2: Strikes out looking
Batting: LHB Mario Mendoza 0-0: Ball
1-0: Ball
2-0: Called Strike
2-1: Foul Ball, location: 2F
2-2: Foul Ball, location: 2RF
2-2: Strikes out looking
Batting: RHB Joe Thompson 0-0: Called Strike
0-1: SINGLE (Line Drive, 8RS, EV 103.1 MPH)
Lonnie Anderson to third
Runner from 3rd tries for Home, SAFE, throw by CF to home
Batting: LHB António Fernández 0-0: Called Strike
0-1: Ball
1-1: Ball
2-1: Ball
3-1: Base on Balls
Joe Thompson to second
Batting: RHB Derek Hallyard 0-0: Foul Ball, location: 2F
0-1: Swinging Strike
0-2: Ball
1-2: Ball
2-2: Strikes out swinging
Bottom of the 8th over - 1 run, 2 hits, 0 errors, 2 left on base; Oakland 3 - Colorado 4
TOP OF THE 9TH
Oakland Athletics batting - Pitching for Colorado Rockies : RHP Ron Long
Pitching: RHP Ethan Byrne
Now in LF: Lonnie Anderson
Now in CF: António Fernández
Batting: RHB David Álvarez 0-0: Ball
1-0: Fly out, F6 (Popup, 6M, EV 56.3 MPH)
Batting: RHB Ed Hicks 0-0: Ball
1-0: DOUBLE (Line Drive, 7LS, EV 92.5 MPH)
Batting: RHB Jody Dailey 0-0: Ball
Ed Hicks steals 3rd base
1-0: Ball
2-0: Ball
3-0: Called Strike
3-1: Fielders Choice at home, 6-2 (Groundball, 6, EV 83.1 MPH)
Batting: SHB Steve Dodd 0-0: Ball
1-0: Ball
2-0: Foul Ball, location: 2LF
2-1: Fly out, F8 (Flyball, 78M, EV 87.5 MPH)
Top of the 9th over - 0 runs, 1 hit, 0 errors, 1 left on base; Oakland 3 - Colorado 4
Wednesday, May 1st , 2024 - OOTP Baseball 24.10 Build 82